 Dungeon Crawl Stone Soup version 0.28-a0-1493-g08698888e4 (webtiles) character file.

Game seed: 7825772695702389769

170 a3don the Cutter (level 5, -2/49 HPs)
             Began as a Kobold Berserker on Jan 13, 2022.
             Was a Follower of Trog.
             Slain by an ogre (17 damage)
             ... on level 4 of the Dungeon.
             The game lasted 00:05:35 (3328 turns).

a3don the Cutter (Kobold Berserker)                 Turns: 3328, Time: 00:05:36

Health: -2/49      AC:  6    Str: 17    XL:     5   Next: 80%
Magic:  5/5        EV: 13    Int:  8    God:    Trog [*.....]
Gold:   64         SH:  0    Dex: 14    Spells: 4/4 levels left

rFire   . . .      SeeInvis .   q - +2 dagger (elec)
rCold   . . .      Faith    .   (no shield)
rNeg    . . .      Spirit   .   d - +0 scale mail
rPois   .          Reflect  .   (no helmet)
rElec   .          Harm     .   (no cloak)
rCorr   .          Rampage  .   (no gloves)
Will    ++...                   (no boots)
Stlth   ..........              (no amulet)
HPRegen 1.16/turn               (no ring)
MPRegen 0.09/turn               (no ring)

@: berserking, strong-willed (expiring), regenerating (expiring), very quick
A: small, no large weapons, nightstalker 3
a: Renounce Religion, Berserk


You were on level 4 of the Dungeon.
You worshipped Trog.
Trog was aware of your devotion.
You visited 1 branch of the dungeon, and saw 4 of its levels.

You collected 134 gold pieces.
You spent 70 gold pieces at shops.

Inventory:

Hand Weapons
 a - a +0 short sword
 b - a +0 war axe of venom
 n - a +0 hand axe
 q - a +2 dagger of electrocution (weapon)
 r - a +0 hunting sling
Missiles
 h - 6 atropa-tipped darts (quivered)
 i - 74 stones
 l - 26 poisoned darts
 s - 3 boomerangs
Armour
 d - a +0 scale mail (worn)
 o - a +0 animal skin
Jewellery
 j - a ring of magical power
 p - a ring of protection from fire
 y - a ring of ice
Wands
 w - a wand of charming (7)
Scrolls
 e - 2 scrolls of identify {unknown}
 f - a scroll of immolation {unknown}
 t - a scroll of blinking {unknown}
 u - a scroll of holy word {unknown}
 v - a scroll of fog {unknown}
 x - a scroll of teleportation {unknown}
Potions
 c - 3 potions of heal wounds
 g - a potion of invisibility {unknown}
 k - 2 potions of might {unknown}
 m - a potion of attraction {unknown}


   Skills:
 + Level 4.0 Fighting
 * Level 5.0 Short Blades
 - Level 1.1 Axes
 * Level 2.9 Armour
 + Level 3.5 Dodging


You had 4 spell levels left.
You didn't know any spells.
Your spell library was empty.

Dungeon Overview and Level Annotations

Branches:
Dungeon (4/15)
 Temple: D:4-7

Altars:

Shops:
D:3 !


Innate Abilities, Weirdness & Mutations

You are small and have problems with some larger weapons.
You are completely attuned to the shadows.


Message History

The ogre shouts!
A ball python comes into view.
The ogre moves out of view.
You hit the ball python but do no damage.
The ball python bites you. The ball python grabs you.
The ball python constricts you.
You hit the ball python but do no damage.
Lightning courses through the ball python!
You kill the ball python!
Trog accepts your kill.
You hit the ogre.
The ogre is lightly wounded.
The ogre hits you with a +0 giant club.
You hit the ogre.
The ogre is lightly wounded.
The ogre hits you with a +0 giant club!!
Ouch! That really hurt!
* * * LOW HITPOINT WARNING * * *
You see here a ball python corpse.
You don't know any spells.
Your skin crawls.
You feel strong-willed.
You can no longer call upon Trog for regeneration and willpower.
You fail to use your ability.
The ogre barely misses you.
A red film seems to cover your vision as you go berserk!
You feel yourself moving faster!
You feel mighty! The ogre hits you with a +0 giant club!
* * * LOW HITPOINT WARNING * * *
You puncture the ogre!
The ogre is heavily wounded.
You barely miss the ogre.
The ogre is heavily wounded.
You feel the effects of Trog's Hand fading.
The ogre barely misses you.
You completely miss the ogre.
The ogre is heavily wounded.
You hit the ogre.
The ogre is severely wounded.
The ogre hits you with a +0 giant club!
You die...

#.............
#...####.##... # #.
#...#....#.### .#.##
.......##...#.. #...#
...##.###...#...#####...#
...##.###...# ..#.).#...#
.........#.###.#.....#.###.#
...##.##.##...###...###...#
.>(......#.....#@###.#.....#
..........#(..#.O.#...#...#.
##........#####...#...#####
#.....#..# #...#...#
#.......#.....#.###.#....
##.)..####...###..†###...
#......# ## #.....# ###
##....#. ..#...#.. #....#
...#####...


You could see an ogre.

Vanquished Creatures
  2 orc priests (D:3)
  Ijyb (D:4)
  3 adders (D:3)
  2 worms (D:3)
  2 dart slugs
  7 orcs (D:3)
  7 ball pythons
  2 bats
  5 endoplasms
  2 giant cockroaches
  4 goblins
  3 hobgoblins
  2 frilled lizards
  2 kobolds
  2 rats
46 creatures vanquished.

Notes
Turn   | Place    | Note
-------+----------+-------------------------------------------
     0 | D:1      | a3don the Kobold Berserker began the quest for the Orb.
     0 | D:1      | Reached XP level 1. HP: 14/14 MP: 1/1
   634 | D:1      | Reached XP level 2. HP: 11/19 MP: 2/2
  1703 | D:2      | Reached XP level 3. HP: 18/23 MP: 3/3
  1931 | D:2      | You fall into a shaft and drop 1 floor!
  2109 | D:3      | Found Gaybreic's Distillery.
  2159 | D:3      | Reached XP level 4. HP: 28/28 MP: 4/4
  2198 | D:3      | Bought a potion of heal wounds for 70 gold pieces
  2391 | D:3      | Reached skill level 1 in Axes
  2391 | D:3      | Reached XP level 5. HP: 26/33 MP: 5/5
  2662 | D:3      | Reached ** piety under Trog
  3019 | D:4      | Noticed Ijyb
  3241 | D:4      | Killed Ijyb
  3242 | D:4      | Reached skill level 5 in Short Blades
  3308 | D:4      | Noticed an ogre
  3328 | D:4      | Slain by an ogre

Illustrated notes

Levels and vault maps discovered:
D:1:      tarquinn_simple_flora_water_e, layout_basic, dk_noncrumbling_4,
          nrook_mini_vaults, hangedman_decor_diamond_cutter,
          minmay_misc_feat_four_crosses
D:2:      layout_loops_corners, serial_shops, nicolae_shop_hallway_plus,
          minmay_misc_feat_plants, uniq_robin
D:3:      layout_loops_ring, serial_shops, nicolae_shop_hallway_stairs,
          minmay_curled_crystal
D:4:      nicolae_cairo_tiling, layout_basic, amethyst_killhole, uniq_edmund,
          uniq_ijyb

Skill      XL: |  1  2  3  4  5 |
---------------+----------------+-----
Armour         | 2 |  2.9
Dodging        | 3 |  3.5
Axes           | 1 |  1.1
Fighting       | 4 |  4.0
Short Blades   | 5 |  5.0

Action                   |  1- 3 |  4- 6 || total
-------------------------+-------+-------++-------
Melee: Short sword       |    97 |    20 ||   117
       Punch             |     1 |       ||     1
       War axe           |       |     7 ||     7
       Dagger            |       |    39 ||    39
Invok: Berserk           |     1 |     3 ||     4
       Trog's Hand       |       |     2 ||     2
Armor: Scale mail        |    20 |    14 ||    34
Dodge: Dodged            |    49 |    23 ||    72

Table legend: (Time is in decaauts)
 A = Elapsed time spent in this place.
 B = Non-inter-level travel time spent in this place.
 C = Inter-level travel time spent in this place.
 D = Time resting spent in this place.
 E = Time spent auto-exploring this place.
 F = Levels seen in this place.
 G = Mean time per level.
                   A        B        C        D        E       F      G
               +--------+--------+--------+--------+--------+-----+--------+
         Total |   3341 |   3274 |     67 |    586 |   2318 |   4 |  835.2 |
       Dungeon |   3341 |   3274 |     67 |    586 |   2318 |   4 |  835.2 |
               +--------+--------+--------+--------+--------+-----+--------+

Top non-repeatable levels by time:
     D:1: 1468 daAuts
     D:3: 1292 daAuts
     D:2: 453 daAuts
     D:4: 126 daAuts
